 Dungeon Sprint DCSS version 0.28-a0-630-g0357d9c091 (webtiles) character file.

Game seed: 872066321497751506

8700000 Colgate the Archmage (level 27, 0/228 HPs)
             Began as a Djinni Warper on Oct 9, 2021.
             Was the Champion of Makhleb.
             Killed by the air
             ... invoked by a tyrant
              (25 damage)
             ... in the Dungeon (Sprint VIII: "Arena of Blood").
             The game lasted 00:15:51 (87 turns).

Colgate the Archmage (Djinni Warper)                  Turns: 87, Time: 00:15:52

Health: 0/228      AC:  6    Str: 10    XL:     27
Gold:   0          EV: 36    Int: 16    God:    Makhleb [******] SH:  0 Dex: 25

rFire   + + .      SeeInvis .   i - +∞ Axe of Woe
rCold   x . .      Faith    .   (shield currently unavailable)
rNeg    . . .      Spirit   .   b - +0 leather armour
rPois   ∞          Reflect  .   (no helmet)
rElec   .          Harm     .   (no cloak)
rCorr   .          Rampage  .   (no gloves)
Will    ++...      NoTele   +   (boots unavailable)
Stlth   ++++++++++              (no amulet)
HPRegen 0.48/turn               (no ring)
MPRegen 0.00/turn               (no ring)

@: death channelling, flying, slowed, very slow
A: sickness immunity, fire resistance 2, cold vulnerability 1, float, innate
caster, hp casting, extra vitality 1
a: Renounce Religion, Minor Destruction, Lesser Servant of Makhleb, Major
Destruction, Greater Servant of Makhleb


You were in the Dungeon.
You worshipped Makhleb.
Makhleb was exalted by your worship.
You visited 1 branch

Inventory:

Hand Weapons
 a - a +0 hand axe
 i - the +∞ Axe of Woe (weapon)
   (You found it in the Dungeon)
Missiles
 d - 5 boomerangs of dispersal (quivered)
Armour
 b - a +0 leather armour (worn)
Scrolls
 c - 2 scrolls of blinking
Potions
 e - a potion of curing
 f - a potion of heal wounds
 g - a potion of haste
 h - a potion of berserk rage


   Skills:
 O Level 27 Fighting
 O Level 27 Short Blades
 O Level 27 Long Blades
 O Level 27 Axes
 O Level 27 Maces & Flails
 O Level 27 Polearms
 O Level 27 Staves
 O Level 27 Slings
 O Level 27 Bows
 O Level 27 Crossbows
 O Level 27 Throwing
 O Level 27 Armour
 O Level 27 Dodging
 O Level 27 Stealth
 O Level 27 Shields
 O Level 27 Unarmed Combat
 O Level 27 Spellcasting
 O Level 27 Invocations
 O Level 27 Evocations


You couldn't memorise any spells.
You knew the following spells:

 Your Spells              Type           Power      Damage    Failure   Level
a - Blink                 Tloc           N/A        N/A       0%          2
b - Lesser Beckoning      Tloc           82%        N/A       0%          3
c - Death Channel         Necr           41%        N/A       0%          6
d - Animate Dead          Necr           41%        N/A       0%          4
e - Manifold Assault      Tloc           82%        N/A       0%          5
f - Summon Small Mammal   Summ           100%       N/A       0%          1
g - Call Imp              Summ           82%        N/A       0%          2
h - Poisonous Vapours     Pois/Air       100%       N/A       0%          2
i - Teleport Other        Tloc           82%        N/A       0%          3
j - Ice Form              Ice/Tmut       82%        N/A       0%          4
k - Blade Hands           Tmut           41%        N/A       0%          5
l - Summon Cactus Giant   Summ           41%        N/A       0%          6
m - Gell's Gravitas       Tloc           41%        N/A       0%          3
n - Conjure Ball Lightni  Conj/Air       41%        3x3d13    0%          6
o - Storm Form            Tmut/Air       41%        N/A       1%          7
p - Ozocubu's Refrigerat  Ice            41%        4d13      1%          7
q - Maxwell's Capacitive  Air            41%        ∞         1%          8
r - Death's Door          Necr           41%        N/A       2%          9
Your spell library was empty.

Dungeon Overview and Level Annotations

Branches:
Dungeon (1/1)

Altars:
Makhleb


Innate Abilities, Weirdness & Mutations

You are immune to sickness and miasma.
You are immune to poison.
Your flesh is very heat resistant. (rF++)
You are vulnerable to cold. (rC-)
You float through the air rather than walking.
You learn spells naturally, not from books.
Your magical power is your life essence.
You have superior vitality. (+4 HP)


Message History

The tyrant is engulfed in blazing flames.
The tyrant touches your spectral large bag of meat!
The meat beast bites your spectral meat berserker!
The meat beast tramples your spectral meat berserker!!
Your spectral meat berserker holds its ground!
The bag of meat is engulfed in blazing flames.
The bag of meat hits your spectral meat berserker with a +9 war axe!!
The bag of meat hits your spectral meat berserker with a +9 war axe!
The bag of meat hits your spectral meat berserker with a +9 war axe!!
Something bites meat berserker!
Something tramples meat berserker!
Meat berserker stumbles backwards!
The bag of meat shouts!
You hear a shout!
A two-headed ogre and a hell beast come into view.
You slash the accursed!
You hew the accursed savagely.
You destroy the accursed!
Makhleb accepts your kill.
You feel better.
You feel extremely nervous for a moment...
Pain shoots through your body!
* * * LOW HITPOINT WARNING * * *
You are engulfed in blazing flames.
You resist.
* * * LOW HITPOINT WARNING * * *
The meat beast is engulfed in blazing flames.
The meat beast bites your spectral meat berserker!
The meat beast tramples your spectral meat berserker!
Your spectral meat berserker holds its ground!
The meat beast is engulfed in blazing flames.
The meat beast bites your spectral large bag of meat!
The meat beast tramples your spectral large bag of meat but does no damage.
A tyrant comes into view.
The meat beast bites your spectral meat berserker.
The meat beast tramples your spectral meat berserker.
Your spectral meat berserker holds its ground!
You hear a shout!
Something bites meat berserker.
Something tramples meat berserker.
Meat berserker stumbles backwards!
The large abomination hits your spectral meat berserker!!
The tyrant waves its bony arms in wide circles.
The air twists around and strikes you!!
You die...
O§2L ).ZM. .. #OOo .# ) #ZOX .X# LX###)oz .§###o L)o)X2O###V...=.
DooW)OZZ§§Zo))o #§@Z2.# #§ZZ2o# #L2Zoo#

..2VX_oooo○.
...)zZ###oo°D=.
..###.Z§ )°###.
. #ZO2 O)# #D).
)# ..... .☼


You could see a tentacled monstrosity (summoned), 6 meat beasts, 4 tyrants, 3
eight-headed meat hydras, 2 destroyers, a sculptor of flesh, a large bag of meat
(inner flame), 2 large abominations, a dread, 6 meat berserkers, 15 bags of
meat, 5 friendly spectral meat berserkers, a friendly spectral large bag of
meat, 2 friendly orc zombies and 4 friendly ogre zombies.

Vanquished Creatures
  Sigmund (D)
  5 hell beasts (D)
  7 royal mummies (D)
  A wraith (D)
  Harold (D)
  23 vampire knights (D)
  51 ogres (D)
  17 two-headed ogres (D)
  2 liches (D)
  2 hydras (D)
  117 orcs (D)
  8 skeletal warriors (D)
235 creatures vanquished.

Vanquished Creatures (collateral kills)
  An orc (D)
1 creature vanquished.

Vanquished Creatures (others)
  2 orcs (D)
2 creatures vanquished.

Grand Total: 238 creatures vanquished

Notes
Turn   | Place    | Note
-------+----------+-------------------------------------------
     0 | D        | Found the +∞ Axe of Woe
     0 | D        | Colgate the Djinni Warper began the quest for the Orb.
     0 | D        | Reached XP level 1. HP: 18/18 MP: 0/0
     1 | D        | Noticed a bag of meat
     3 | D        | Became a worshipper of Makhleb the Destroyer
     4 | D        | Noticed a bag of meat
     4 | D        | Noticed a bag of meat
     5 | D        | Noticed a bag of meat
     5 | D        | Noticed a bag of meat
     6 | D        | Killed a bag of meat
     6 | D        | Killed a bag of meat
     6 | D        | Reached * piety under Makhleb
     6 | D        | Noticed a bag of meat
     7 | D        | Reached skill level 10 in Fighting
     7 | D        | Reached skill level 10 in Axes
     7 | D        | Reached skill level 10 in Dodging
     7 | D        | Reached XP level 2. HP: 35/35 MP: 0/0
     7 | D        | Reached XP level 3. HP: 40/40 MP: 0/0
     7 | D        | Learned a level 1 spell: Summon Small Mammal
     7 | D        | Reached XP level 4. HP: 46/46 MP: 0/0
     7 | D        | Reached XP level 5. HP: 51/51 MP: 0/0
     7 | D        | Learned a level 2 spell: Call Imp
     7 | D        | Reached XP level 6. HP: 58/58 MP: 0/0
     7 | D        | Reached XP level 7. HP: 63/63 MP: 0/0
     7 | D        | Learned a level 2 spell: Poisonous Vapours
     7 | D        | Reached XP level 8. HP: 68/68 MP: 0/0
     7 | D        | Reached XP level 9. HP: 74/74 MP: 0/0
     7 | D        | Learned a level 4 spell: Animate Dead
     7 | D        | Reached XP level 10. HP: 80/80 MP: 0/0
     7 | D        | Reached XP level 11. HP: 85/85 MP: 0/0
     7 | D        | Learned a level 4 spell: Ice Form
     7 | D        | Reached XP level 12. HP: 91/91 MP: 0/0
     7 | D        | Killed a bag of meat
     7 | D        | Killed a bag of meat
     7 | D        | Killed a bag of meat
     7 | D        | Reached ** piety under Makhleb
     7 | D        | Noticed a meat berserker
     8 | D        | Reached XP level 13. HP: 101/101 MP: 0/0
     8 | D        | Learned a level 5 spell: Blade Hands
     8 | D        | Reached XP level 14. HP: 107/107 MP: 0/0
     8 | D        | Killed a bag of meat
     9 | D        | Killed a meat berserker
    10 | D        | Reached XP level 15. HP: 115/115 MP: 0/0
    10 | D        | Learned a level 6 spell: Summon Cactus Giant
    11 | D        | Noticed a meat berserker
    11 | D        | Noticed a meat berserker
    12 | D        | Reached *** piety under Makhleb
    12 | D        | Killed a meat berserker
    12 | D        | Killed a meat berserker
    12 | D        | Reached **** piety under Makhleb
    12 | D        | Noticed a meat berserker
    13 | D        | Reached skill level 15 in Fighting
    13 | D        | Reached skill level 5 in Throwing
    13 | D        | Reached skill level 5 in Armour
    13 | D        | Reached XP level 16. HP: 126/126 MP: 0/0
    14 | D        | Reached skill level 27 in Spellcasting
    14 | D        | Killed a meat berserker
    14 | D        | Reached ***** piety under Makhleb
    14 | D        | Noticed a meat berserker
    15 | D        | Reached XP level 17. HP: 138/138 MP: 0/0
    15 | D        | Learned a level 6 spell: Death Channel
    16 | D        | Killed a meat berserker
    16 | D        | Noticed a meat berserker
    17 | D        | Reached skill level 27 in Axes
    17 | D        | Reached XP level 18. HP: 155/155 MP: 0/0
    17 | D        | Killed a meat berserker
    17 | D        | Reached ****** piety under Makhleb
    17 | D        | Noticed a meat berserker
    18 | D        | Reached skill level 27 in Fighting
    18 | D        | Reached skill level 10 in Armour
    18 | D        | Reached XP level 19. HP: 174/174 MP: 0/0
    18 | D        | Learned a level 6 spell: Conjure Ball Lightning
    18 | D        | Killed a meat berserker
    18 | D        | Noticed a meat berserker
    19 | D        | Reached skill level 27 in Dodging
    19 | D        | Killed a meat berserker
    19 | D        | Noticed a meat berserker
    19 | D        | Noticed a meat berserker
    20 | D        | Reached skill level 15 in Armour
    20 | D        | Killed a meat berserker
    20 | D        | Killed a meat berserker
    21 | D        | Reached XP level 20. HP: 181/181 MP: 0/0
    21 | D        | Noticed a large bag of meat
    22 | D        | Killed a large bag of meat
    22 | D        | Noticed a meat berserker
    23 | D        | Reached XP level 21. HP: 187/187 MP: 0/0
    23 | D        | Learned a level 7 spell: Storm Form
    23 | D        | Killed a meat berserker
    23 | D        | Noticed a meat berserker
    23 | D        | Noticed a meat berserker
    24 | D        | Reached skill level 27 in Throwing
    24 | D        | Reached skill level 27 in Armour
    24 | D        | Killed a meat berserker
    24 | D        | Killed a meat berserker
    25 | D        | Reached XP level 22. HP: 194/194 MP: 0/0
    27 | D        | Noticed a meat berserker
    28 | D        | Killed a meat berserker
    28 | D        | Noticed a meat berserker
    28 | D        | Noticed a meat berserker
    29 | D        | Reached skill level 10 in Short Blades
    29 | D        | Reached skill level 10 in Long Blades
    29 | D        | Reached skill level 10 in Maces & Flails
    29 | D        | Reached skill level 10 in Polearms
    29 | D        | Reached skill level 10 in Staves
    29 | D        | Reached skill level 10 in Slings
    29 | D        | Reached skill level 10 in Bows
    29 | D        | Reached skill level 10 in Crossbows
    29 | D        | Reached skill level 10 in Stealth
    29 | D        | Killed a meat berserker
    29 | D        | Noticed a large bag of meat
    29 | D        | Noticed a meat berserker
    30 | D        | Reached XP level 23. HP: 201/201 MP: 0/0
    30 | D        | Learned a level 7 spell: Ozocubu's Refrigeration
    30 | D        | Killed a large bag of meat
    30 | D        | Noticed a destroyer
    31 | D        | Reached XP level 24. HP: 208/208 MP: 0/0
    31 | D        | Noticed a destroyer
    31 | D        | Killed a destroyer
    32 | D        | Reached skill level 15 in Short Blades
    32 | D        | Reached skill level 15 in Long Blades
    32 | D        | Reached skill level 15 in Staves
    32 | D        | Reached skill level 15 in Stealth
    32 | D        | Reached skill level 15 in Shields
    32 | D        | Reached skill level 15 in Unarmed Combat
    32 | D        | Reached skill level 15 in Invocations
    32 | D        | Reached skill level 15 in Evocations
    32 | D        | Killed a destroyer
    32 | D        | Noticed a large bag of meat
    32 | D        | Noticed a large bag of meat
    33 | D        | Reached skill level 15 in Maces & Flails
    33 | D        | Reached skill level 15 in Polearms
    33 | D        | Reached skill level 15 in Slings
    33 | D        | Reached skill level 15 in Bows
    33 | D        | Reached skill level 15 in Crossbows
    34 | D        | Reached XP level 25. HP: 214/214 MP: 0/0
    34 | D        | Learned a level 8 spell: Maxwell's Capacitive Coupling
    36 | D        | Reached XP level 26. HP: 221/221 MP: 0/0
    36 | D        | Noticed a destroyer
    37 | D        | Killed a destroyer
    38 | D        | Noticed a destroyer
    39 | D        | Reached XP level 27. HP: 228/228 MP: 0/0
    39 | D        | Learned a level 9 spell: Death's Door
    39 | D        | Noticed a destroyer
    39 | D        | Killed a destroyer
    40 | D        | Noticed a destroyer
    41 | D        | Noticed a destroyer
    41 | D        | Killed a destroyer
    41 | D        | Noticed a large bag of meat
    41 | D        | Noticed a large bag of meat
    42 | D        | Killed a destroyer
    42 | D        | Noticed a large bag of meat
    43 | D        | Noticed a destroyer
    43 | D        | Killed a destroyer
    43 | D        | Noticed a destroyer
    44 | D        | Killed a large bag of meat
    44 | D        | Killed a large bag of meat
    44 | D        | Noticed a large bag of meat
    45 | D        | Killed a destroyer
    45 | D        | Noticed a large bag of meat
    45 | D        | Noticed a destroyer
    46 | D        | Reached skill level 27 in Shields
    46 | D        | Reached skill level 27 in Unarmed Combat
    46 | D        | Reached skill level 27 in Invocations
    46 | D        | Reached skill level 27 in Evocations
    46 | D        | Killed a large bag of meat
    47 | D        | Reached skill level 27 in Short Blades
    47 | D        | Reached skill level 27 in Long Blades
    47 | D        | Reached skill level 27 in Staves
    47 | D        | Reached skill level 27 in Stealth
    47 | D        | Noticed a destroyer
    47 | D        | Killed a large bag of meat
    48 | D        | Reached skill level 27 in Maces & Flails
    48 | D        | Reached skill level 27 in Polearms
    48 | D        | Reached skill level 27 in Slings
    48 | D        | Reached skill level 27 in Bows
    48 | D        | Reached skill level 27 in Crossbows
    48 | D        | Killed a destroyer
    48 | D        | Noticed a destroyer
    49 | D        | Noticed a destroyer
    49 | D        | Killed a destroyer
    49 | D        | Killed a destroyer
    50 | D        | Killed a large bag of meat
    50 | D        | Noticed a destroyer
    51 | D        | Noticed a destroyer
    51 | D        | Noticed a large bag of meat
    52 | D        | Killed a large bag of meat
    53 | D        | Killed a destroyer
    54 | D        | Killed a destroyer
    54 | D        | Noticed a large bag of meat
    54 | D        | Noticed a large bag of meat
    55 | D        | Killed a large bag of meat
    55 | D        | Killed a large bag of meat
    56 | D        | Noticed a destroyer
    58 | D        | Killed a destroyer
    58 | D        | Killed a destroyer
    59 | D        | Killed a large bag of meat
    59 | D        | Noticed a destroyer
    59 | D        | Noticed an accursed
    60 | D        | Noticed a large bag of meat
    61 | D        | Killed a destroyer
    61 | D        | Noticed an accursed
    62 | D        | Noticed The Captor
    62 | D        | Noticed an accursed
    63 | D        | Noticed a destroyer
    63 | D        | Killed an accursed
    64 | D        | Killed an accursed
    64 | D        | Killed The Captor
    64 | D        | Noticed an accursed
    65 | D        | Killed an accursed
    65 | D        | Noticed a meat beast
    65 | D        | Noticed a tyrant
    65 | D        | Noticed a large bag of meat
    65 | D        | Noticed a destroyer
    66 | D        | Killed a destroyer
    66 | D        | Killed a tyrant
    66 | D        | Noticed a destroyer
    66 | D        | Noticed an accursed
    67 | D        | Killed a destroyer
    67 | D        | Killed an accursed
    67 | D        | Noticed an accursed
    67 | D        | Noticed a large bag of meat
    68 | D        | Noticed The Servant
    68 | D        | Noticed a large bag of meat
    69 | D        | Killed a large bag of meat
    69 | D        | Noticed a destroyer
    69 | D        | Noticed a destroyer
    69 | D        | Noticed a meat beast
    70 | D        | Killed an accursed
    70 | D        | Killed a meat beast
    71 | D        | Killed a destroyer
    71 | D        | Noticed a meat beast
    72 | D        | Noticed a meat beast
    72 | D        | Killed a destroyer
    72 | D        | Killed a large bag of meat
    73 | D        | Killed The Servant
    73 | D        | Noticed an accursed
    74 | D        | Killed a meat beast
    74 | D        | Killed a large bag of meat
    74 | D        | Noticed a tyrant
    74 | D        | Noticed a large bag of meat
    74 | D        | Noticed a tyrant
    75 | D        | Noticed a meat beast
    75 | D        | Noticed a destroyer
    75 | D        | Killed a destroyer
    75 | D        | Killed a large bag of meat
    76 | D        | Noticed a meat beast
    77 | D        | Killed a meat beast
    77 | D        | Noticed a dread
    78 | D        | Noticed a dread
    79 | D        | Killed a destroyer
    79 | D        | Killed a tyrant
    80 | D        | Noticed a meat beast
    80 | D        | Killed a meat beast
    80 | D        | Killed a destroyer
    80 | D        | Noticed an accursed
    81 | D        | Killed a meat beast
    81 | D        | Noticed a meat beast
    81 | D        | Noticed an accursed
    82 | D        | Noticed a destroyer
    83 | D        | Noticed a meat beast
    84 | D        | Noticed a meat beast
    84 | D        | Killed a large bag of meat
    84 | D        | Killed a dread
    85 | D        | Noticed a meat beast
    85 | D        | Killed an accursed
    85 | D        | Noticed a tyrant
    85 | D        | Noticed a tyrant
    86 | D        | Noticed a destroyer
    86 | D        | Killed a large bag of meat
    86 | D        | HP: 9/228 [??? (7)]
    87 | D        | Noticed a large bag of meat
    87 | D        | Noticed a meat beast
    87 | D        | Killed an accursed
    87 | D        | Noticed a tyrant
    87 | D        | Killed from afar by a tyrant

Illustrated notes

Levels and vault maps discovered:
D:        meatsprint

Skill      XL: |  1  2  3  4  5  6  7  8  9 10 11 12 13 14 15 16 17 18 19 20 21 22 23 24 25 26 27 |
---------------+----------------------------------------------------------------------------------+-----
Fighting       | 10 12 13 15 18 21 27 | 27.0
Axes           | 10 13 16 19 24 27 | 27.0
Throwing       | 2 3 4 5 6 7 9 18 23 27 | 27.0
Armour         | 3 4 5 6 8 10 21 26 27 | 27.0
Dodging        | 10 12 14 16 18 20 24 27 | 27.0
Spellcasting   | 18 21 23 26 27 | 27.0
Short Blades   | 6 12 14 17 19 21 27 | 27.0
Long Blades    | 6 12 14 17 19 21 27 | 27.0
Maces & Flails | 6 11 13 15 17 20 27 | 27.0
Polearms       | 6 11 13 15 17 20 27 | 27.0
Staves         | 6 12 14 17 19 21 27 | 27.0
Slings         | 6 11 13 15 17 20 27 | 27.0
Bows           | 6 11 13 15 17 20 27 | 27.0
Crossbows      | 6 11 13 15 17 20 27 | 27.0
Stealth        | 6 12 14 17 19 21 27 | 27.0
Shields        | 6 12 14 17 19 22 27 | 27.0
Unarmed Combat | 6 12 14 17 19 22 27 | 27.0
Invocations    | 6 12 14 17 19 22 27 | 27.0
Evocations     | 6 12 14 17 19 22 27 | 27.0

Action                   |  1- 3 |  4- 6 |  7- 9 | 10-12 | 13-15 | 16-18 | 19-21 | 22-24 | 25-27 || total
-------------------------+-------+-------+-------+-------+-------+-------+-------+-------+-------++-------
Melee: Executioner's axe |     1 |       |       |     3 |     6 |    12 |    15 |    25 |   168 ||   230
 Cast: Manifold Assault  |       |       |       |     1 |     3 |     4 |     7 |     8 |    44 ||    67
       Animate Dead      |       |       |       |       |     1 |       |       |     1 |     1 ||     3
       Death Channel     |       |       |       |       |       |     1 |       |       |       ||     1
Dodge: Dodged            |       |       |       |       |       |       |       |       |     2 ||     2

Table legend: (Time is in decaauts)
 A = Elapsed time spent in this place.
 B = Non-inter-level travel time spent in this place.
 C = Inter-level travel time spent in this place.
 D = Time resting spent in this place.
 E = Time spent auto-exploring this place.
 F = Levels seen in this place.
 G = Mean time per level.
                   A        B        C        D        E       F      G
               +--------+--------+--------+--------+--------+-----+--------+
         Total |     75 |     75 |      0 |      0 |      0 |   1 |   75.0 |
       Dungeon |     75 |     75 |      0 |      0 |      0 |   1 |   75.0 |
               +--------+--------+--------+--------+--------+-----+--------+

Top non-repeatable levels by time:
       D: 75 daAuts
